 Dungeon Crawl Stone Soup version 0.29-a0-275-g389c0b56f3 (webtiles) character file.

Game seed: 10200407131900515308

22 spiderkeys the Ducker (level 2, -1/16 HPs)
             Began as a Spriggan Abyssal Knight on Mar 12, 2022.
             Was a Believer of Lugonu.
             Slain by a kobold
             ... wielding a +0 dagger
              (4 damage)
             ... on level 2 of the Dungeon.
             The game lasted 00:01:05 (1048 turns).

spiderkeys the Ducker (Spriggan Abyssal Knight)     Turns: 1048, Time: 00:01:05

Health: -1/16      AC:  2    Str:  9    XL:     2   Next: 68%
Magic:  6/6        EV: 18    Int: 11    God:    Lugonu [**....]
Gold:   81         SH:  0    Dex: 15    Spells: 5/5 levels left

rFire   . . .      SeeInvis +   a - +1 short sword
rCold   . . .      Faith    .   (no shield)
rNeg    . . .      Spirit   .   b - +0 robe
rPois   +          Reflect  .   (helmet restricted)
rElec   .          Harm     .   (no cloak)
rCorr   .          Rampage  .   (gloves unavailable)
Will    .....                   (boots unavailable)
Stlth   +.........              (no amulet)
HPRegen 0.05/turn               P - ring of poison resistance
MPRegen 0.10/turn               (no ring)

@: very quick
A: very small, no large weapons, unfitting armour, see invisible, speed 3
a: Renounce Religion, Depart the Abyss, Bend Space


You were on level 2 of the Dungeon.
You worshipped Lugonu.
Lugonu was pleased with you.
You visited 1 branch of the dungeon, and saw 2 of its levels.
You visited the Abyss 1 time.

You collected 81 gold pieces.


Innate Abilities, Weirdness & Mutations

You are very small and have problems with some larger weapons.
You are too small for most types of armour.
You have supernaturally acute eyesight. (SInv)
You cover ground extremely quickly. (Speed+++)


   Skills:
 - Level 2.4 Fighting
 + Level 2.6 Short Blades
 + Level 3.6 Dodging
 * Level 2.0 Spellcasting
 - Level 1.7 Invocations


You had 5 spell levels left.
You didn't know any spells.
Your spell library contained the following spells:

 Spells                   Type           Power      Damage    Failure   Level
 Ozocubu's Armour         Ice            1%         N/A       65%         3
 Ozocubu's Refrigeration  Ice            0%         4d5       100%        7

Inventory:

Hand Weapons
 a - a +1 short sword (weapon)
Missiles
 c - 7 stones
Armour
 b - a +0 robe (worn)
Jewellery
 P - a ring of poison resistance (left hand)
   (You found it on level 1 of the Dungeon)
Scrolls
 d - a scroll of enchant weapon {unknown}
 f - 3 scrolls of identify {@r1}
Potions
 e - a potion of flight {unknown}
 g - 2 potions of might {unknown}
 h - a potion of attraction {unknown}

Dungeon Overview and Level Annotations

Branches:
Dungeon (2/15)

Altars:

#.# #.# ..# #.# ### #.#
..# #.# #.# #.#
#.####.#######
#.##..........
#.##...##############
#...............@KSJ####
####...############....#
#...# ######....# #####
#.....J..[# #.......###
#.....$.# #.......#
###....... ......####


You could see an endoplasm, a ball python and a kobold.


Message History

You now have 81 gold pieces (gained 14).
f - 3 scrolls of identify {@r1} (gained 1)
You pick up Ozocubu's Autobiography and begin reading...
You add the spells Ozocubu's Armour and Ozocubu's Refrigeration to your library.
h - a ruby potion 2 jackals come into view.
A jackal comes into view.
The jackal closely misses you.
The jackal barks! x2
You hit the jackal.
You hear a shout!
The jackal misses you. The jackal bites you. 😕 HP[-3]
You take 3 damage, and now have 13/16 hp.
You barely miss the jackal. The jackal closely misses you.
The jackal misses you.
You miss the jackal. The jackal barely misses you. x2
You hit the jackal. The jackal barely misses you. x2
The jackal completely misses you. x2; The jackal barely misses you.
You barely miss the jackal. The jackal completely misses you.
The jackal closely misses you. The jackal completely misses you.
The jackal attacks as you move away! The jackal closely misses you. x2
The jackal attacks as you move away! The jackal closely misses you.
The jackal bites you. 😮 HP[-2]
You take 2 damage, and now have 11/16 hp.
You are too injured to fight recklessly!
You are too injured to fight recklessly!
You are too injured to fight recklessly!
You hit the jackal.
You kill the jackal!
Lugonu accepts your kill. The jackal bites you.
You hit the jackal.
You kill the jackal!
Lugonu accepts your kill. The jackal misses you.
You miss the jackal. The jackal bites you. 😮 HP[-1]
You take 1 damage, and now have 10/16 hp.
You closely miss the jackal. The jackal barely misses you.
You hit the jackal.
You kill the jackal!
Lugonu accepts your kill.
Things that are here:
a jackal corpse; a jackal corpse; a jackal corpse A hobgoblin comes into view.
A hobgoblin is nearby!
A hobgoblin is nearby!
A hobgoblin is nearby!
You are too injured to fight recklessly!
You are too injured to fight recklessly!
An endoplasm comes into view.
A kobold comes into view. It is wielding a +0 dagger.
The kobold shouts!
The hobgoblin barely misses you.
The endoplasm quivers.
You hit the hobgoblin but do no damage. The hobgoblin closely misses you.
You hit the hobgoblin. The hobgoblin closely misses you.
You hit the hobgoblin.
You kill the hobgoblin!
Lugonu accepts your kill.
The endoplasm jiggles.
Your Spellcasting skill increases to level 2!
A ball python comes into view.
The ball python hisses angrily.
Things that are here:
9 gold pieces; a hobgoblin corpse You barely miss the kobold.
The kobold closely misses you.
You hit the kobold but do no damage. The kobold closely misses you.
The endoplasm hits you.
* * * LOW HITPOINT WARNING * * *
😨 HP[-2]
You take 2 damage, and now have 8/16 hp.
You hit the kobold. The kobold hits you but does no damage.
The endoplasm closely misses you.
You hit the endoplasm. The kobold completely misses you.
The endoplasm misses you. The endoplasm attacks as you move away!
The endoplasm completely misses you. The kobold attacks as you move away!
The kobold completely misses you. The endoplasm attacks as you move away!
The endoplasm misses you. The kobold attacks as you move away!
The kobold hits you with a +0 dagger.
* * * LOW HITPOINT WARNING * * *
😨 HP[-2]
You take 2 damage, and now have 6/16 hp. 😨 HP[+1]
Things that are here:
a jackal corpse; a jackal corpse; a jackal corpse 😨 MP[+1]
Your mp is fully restored (6).
The kobold misses you.
You hit the kobold but do no damage. The kobold completely misses you.
You closely miss the kobold. The kobold barely misses you.
You barely miss the kobold. The kobold hits you with a +0 dagger.
* * * LOW HITPOINT WARNING * * *
😱 HP[-4]
You take 4 damage, and now have 3/16 hp.
MASSIVE DAMAGE!! (PAUSE)
You barely miss the kobold. The kobold hits you with a +0 dagger.
You die...

Skill      XL: |  1  2 |
---------------+-------+-----
Spellcasting   | 1 2 |  2.0
Fighting       | |  2.4
Short Blades   | |  2.6
Dodging        | |  3.6
Invocations    | |  1.7

Action                   || total
-------------------------++-------
Melee: Short sword       ||    58
  Use: Scroll            ||     1
 Stab: Sleeping          ||     2
Armor: Robe              ||     6
Dodge: Dodged            ||    58

Levels and vault maps discovered:
D:1:      dpeg_cavernosity, layout_rooms, item_on_display_a
D:2:      layout_basic, hellmonk_ecumenical_altar_crossroads,
          minmay_tromino_mix6, uniq_jessica

Notes
Turn   | Place    | Note
-------+----------+-------------------------------------------
     0 | Abyss:1  | spiderkeys the Spriggan Abyssal Knight began the quest for
                  | the Orb.
     0 | Abyss:1  | Reached XP level 1. HP: 11/11 MP: 3/3
     0 | Abyss:1  | magus.rc [v1.11.3]
    16 | D:1      | You pass through the gate.
    16 | D:1      | Escaped the Abyss
   506 | D:1      | Reached skill level 1 in Spellcasting
   595 | D:1      | Reached XP level 2. HP: 16/16 MP: 4/4
   990 | D:2      | You add the spells Ozocubu's Armour and Ozocubu's
                  | Refrigeration to your library.
  1028 | D:2      | Reached skill level 2 in Spellcasting
  1047 | D:2      | HP: 3/16 [kobold/+0 dagger (4)]
  1048 | D:2      | Slain by a kobold

Vanquished Creatures
  2 dart slugs (D:1)
  An endoplasm (D:1)
  A giant cockroach (D:1)
  3 goblins (D:1)
  A hobgoblin (D:2)
  3 jackals (D:2)
  2 bats (D:1)
  A kobold (D:1)
  2 rats
16 creatures vanquished.

Table legend:
 A = Non-vault XP
 B = Vault XP
 C = Vault XP percentage of total XP
 D = Non-vault monster count
 E = Vault monster count
 F = Vault count percentage of total count
                 A         B        C        D         E       F
            +---------+---------+-------+---------+---------+-------
      Total |      23 |       9 |  28.1 |      11 |       5 |  31.2
            +---------+---------+-------+---------+---------+-------
        D:1 |      16 |       7 |  30.4 |       7 |       4 |  36.4
        D:2 |       7 |       2 |  22.2 |       4 |       1 |  20.0
            +---------+---------+-------+---------+---------+-------

Illustrated notes

Table legend:
 A = Kills in this place as a percentage of kills in entire the game.
 B = Kills by you in this place as a percentage of kills by you in the entire game.
 C = Kills by friends in this place as a percentage of kills by friends in the entire game.
 D = Other kills in this place as a percentage of other kills in the entire game.
 E = Experience gained in this place as a percentage of experience gained in the entire game.
 F = Experience gained in this place divided by the number of levels of this place that you have seen.
                   A       B       C       D       E      F
               +-------+-------+-------+-------+-------+----------------------
         Total | 100.0 | 100.0 |   N/A |   N/A | 100.0 |  10.7
       Dungeon | 100.0 | 100.0 |   N/A |   N/A | 100.0 |  16.0
               +-------+-------+-------+-------+-------+----------------------

Table legend: (Time is in decaauts)
 A = Elapsed time spent in this place.
 B = Non-inter-level travel time spent in this place.
 C = Inter-level travel time spent in this place.
 D = Time resting spent in this place.
 E = Time spent auto-exploring this place.
 F = Levels seen in this place.
 G = Mean time per level.
                   A        B        C        D        E       F      G
               +--------+--------+--------+--------+--------+-----+--------+
         Total |    762 |    727 |     35 |      0 |    603 |   3 |  254.0 |
       Dungeon |    752 |    717 |     35 |      0 |    597 |   2 |  376.0 |
         Abyss |     10 |     10 |      0 |      0 |      6 |   1 |   10.0 |
               +--------+--------+--------+--------+--------+-----+--------+

Top non-repeatable levels by time:
     D:1: 672 daAuts
     D:2: 80 daAuts
 Abyss:1: 10 daAuts
